[Event "ICC tourney 2212 (3 2)"]
[Site "Internet Chess Club"]
[Date "2020.12.18"]
[Round "7"]
[White "Harsha777"]
[Black "Openyagami"]
[Result "0-1"]
[ICCResult "White forfeits on time"]
[WhiteElo "2559"]
[BlackElo "2604"]
[Opening "Grünfeld: exchange variation"]
[ECO "D85"]
[NIC "GI.03"]
[Time "21:40:44"]
[TimeControl "180+2"]

1. d4 Nf6 2. c4 g6 3. Nc3 d5 4. cxd5 Nxd5 5. Bd2 Bg7 6. e4 Nb6 7. Be3 O-O 8.
Bb5 Nc6 9. Nge2 Na5 10. O-O Nac4 11. Bg5 Nxb2 12. Qb3 a6 13. Qxb2 axb5 14.
Qxb5 Re8 15. a4 c6 16. Qb4 Be6 17. a5 Nc4 18. d5 cxd5 19. exd5 Bxd5 20. Rfd1
Qd6 21. Nxd5 Qxb4 22. Nxb4 Bxa1 23. Rxa1 Rxa5 24. Rxa5 Nxa5 25. f3 Nc6 26.
Nd5 f6 27. Be3 Rd8 28. Nb6 Kf7 29. Kf2 Rd3 30. Nc1 Rc3 31. Ke2 e5 32. Kd2
Ra3 33. Nc4 Ra4 34. Nd6+ Ke6 35. Nxb7 Kd5 36. Nc5 Ra5 37. N5b3 Ra3 38. Kc2
f5 39. Kb2 Ra8 40. Ne2 Kc4 41. Nec1 Rb8 42. Kc2 Nb4+ 43. Kd2 Nd5 44. Bf2
Rxb3 45. Nxb3 Kxb3 46. Bg3 e4 47. fxe4 fxe4 48. Be5 Kc4 49. Ke2 h5 50. h3
Ne7 51. g4 Kd5 52. Bf4 Nc6 53. gxh5 gxh5 54. Ke3 Ne7 55. Bg5 Ng6 56. Bf6 Ke6
57. Bd8 Kf5 58. Bc7 Ne7 59. Bb8 Nd5+ 60. Kf2 Nf4 61. Kg3 Ng6 62. Ba7 h4+ 63.
Kh2 Kf4 64. Kg2 e3 65. Bb8+ Ke4 {White forfeits on time} 0-1

[Event "ICC tourney 2212 (3 2)"]
[Site "Internet Chess Club"]
[Date "2020.12.18"]
[Round "8"]
[White "Openyagami"]
[Black "eigenator"]
[Result "1-0"]
[ICCResult "Black resigns"]
[WhiteElo "2604"]
[BlackElo "2376"]
[Opening "English: Neo-Catalan declined"]
[ECO "E06"]
[NIC "CA.05"]
[Time "21:53:32"]
[TimeControl "180+2"]

1. c4 Nf6 2. Nf3 e6 3. g3 d5 4. Bg2 Be7 5. O-O O-O 6. d4 dxc4 7. Qc2 b5 8.
a4 b4 9. Ne5 Qxd4 10. Nxc4 Nd5 11. Rd1 Qf6 12. e4 Qg6 13. Ne5 Qh5 14. exd5
Qxe5 15. Bf4 Qf6 16. d6 c6 17. dxe7 Qxe7 18. Bd6 {Black resigns} 1-0

[Event "ICC tourney 2212 (3 2)"]
[Site "Internet Chess Club"]
[Date "2020.12.18"]
[Round "8"]
[White "yav"]
[Black "stocktn2malone"]
[Result "0-1"]
[ICCResult "White checkmated"]
[WhiteElo "1216"]
[BlackElo "1715"]
[Opening "Sicilian: Hungarian variation"]
[ECO "B27"]
[NIC "SI.43"]
[Time "21:53:35"]
[TimeControl "180+2"]

1. e4 c5 2. Nf3 g6 3. c3 d5 4. exd5 Qxd5 5. d4 Bg7 6. Be3 Nc6 7. c4 Qd8 8.
Nc3 cxd4 9. Nxd4 Bxd4 10. Bxd4 Qxd4 11. Qa4 Bd7 12. Be2 Ne5 13. Qb3 Nd3+ 14.
Kf1 Qxf2# {White checkmated} 0-1

[Event "ICC tourney 2212 (3 2)"]
[Site "Internet Chess Club"]
[Date "2020.12.18"]
[Round "8"]
[White "Jeffchess"]
[Black "Tacticsguy52"]
[Result "0-1"]
[ICCResult "White checkmated"]
[WhiteElo "1254"]
[BlackElo "1845"]
[Opening "Petrov: Italian variation"]
[ECO "C24"]
[NIC "IG.04"]
[Time "21:53:40"]
[TimeControl "180+2"]

1. e4 e5 2. Bc4 Nf6 3. Nf3 Nxe4 4. Nxe5 d5 5. Qf3 Nf6 6. Bb3 Bd6 7. d4 c6 8.
Bg5 Be7 9. O-O O-O 10. Qg3 Nbd7 11. Bh6 Nh5 12. Qg4 Ndf6 13. Qg5 Kh8 14. g4
gxh6 15. Qxh6 Ng7 16. g5 Ng4 17. Ng6+ fxg6 18. Qh4 Bxg5 19. Qg3 Bf4 20. Qd3
Bf5 21. Qc3 Bxh2+ 22. Kh1 Be4+ 23. f3 Qh4 24. fxe4 Bg3+ 25. Kg2 Qh2#
{White checkmated}
0-1

[Event "ICC tourney 2212 (3 2)"]
[Site "Internet Chess Club"]
[Date "2020.12.18"]
[Round "8"]
[White "Kinawa"]
[Black "blackjack721"]
[Result "1-0"]
[ICCResult "Black checkmated"]
[WhiteElo "1535"]
[BlackElo "1492"]
[Opening "Petrov: Nimzovich attack"]
[ECO "C42"]
[NIC "RG.03"]
[Time "21:53:33"]
[TimeControl "180+2"]

1. e4 e5 2. Nf3 Nf6 3. Nxe5 d6 4. Nf3 Nxe4 5. Nc3 Qe7 6. Be2 Nxc3 7. dxc3
Be6 8. Be3 Nc6 9. O-O O-O-O 10. b4 f6 11. a4 g5 12. a5 Bg7 13. b5 Ne5 14.
Bxa7 g4 15. Nd4 Bc4 16. Bxc4 Nxc4 17. Qxg4+ Rd7 18. a6 c5 19. bxc6 bxc6 20.
Nxc6 Kc7 21. Nxe7 Rxe7 22. Qxc4+ Kd7 23. Rab1 Ke8 24. Rb8+ Kd7 25. Rb7+ Ke8
26. Rxe7+ Kxe7 27. Re1+ Kd7 28. Qb5+ Kd8 29. Bb6+ Kc8 30. Qc6+ Kb8 31. Qb7#
{Black checkmated}
1-0

[Event "ICC tourney 2212 (3 2)"]
[Site "Internet Chess Club"]
[Date "2020.12.18"]
[Round "8"]
[White "MrNormalName"]
[Black "SupaHotFiya"]
[Result "0-1"]
[ICCResult "White checkmated"]
[WhiteElo "2181"]
[BlackElo "1982"]
[Opening "Old Indian defense"]
[ECO "A42"]
[NIC "OI.07"]
[Time "21:54:27"]
[TimeControl "180+2"]

1. d4 d6 2. c4 e5 3. d5 f5 4. e4 fxe4 5. Nc3 Nf6 6. Nge2 Bf5 7. Ng3 Bg6 8.
Bg5 Be7 9. Bxf6 gxf6 10. Nf5 Bxf5 11. g4 Bg6 12. Bg2 Nd7 13. Nxe4 O-O 14.
Ng3 f5 15. gxf5 Bxf5 16. Nxf5 Rxf5 17. Qg4+ Rg5 18. Qe6+ Kh8 19. Bh3 Nf8 20.
Qf7 Ng6 21. O-O-O Qf8 22. Qe6 Nf4 23. Qd7 Rd8 24. Qxc7 Nxh3 25. Qxb7 Nxf2
26. Rhf1 Rf5 27. Qxa7 Bg5+ 28. Kb1 Nxd1 29. Rxd1 Rf1 30. Qa4 Qf5+ 31. Ka1
Rf8 32. a3 Rxd1+ 33. Qxd1 Qf1 34. Qxf1 Rxf1+ 35. Ka2 e4 36. c5 dxc5 37. h4
e3 38. hxg5 e2 39. d6 e1=Q 40. d7 Qe6+ 41. b3 Rf2+ 42. Kb1 Qe1#
{White checkmated}
0-1

[Event "ICC tourney 2212 (3 2)"]
[Site "Internet Chess Club"]
[Date "2020.12.18"]
[Round "8"]
[White "iszerencsy"]
[Black "JensenUVA"]
[Result "1-0"]
[ICCResult "Black resigns"]
[WhiteElo "1377"]
[BlackElo "1516"]
[Opening "Sicilian: Smith-Morra gambit"]
[ECO "B21"]
[NIC "SI.47"]
[Time "21:53:35"]
[TimeControl "180+2"]

1. e4 c5 2. d4 cxd4 3. c3 Nf6 4. e5 Nd5 5. cxd4 Nc6 6. Bc4 Nb6 7. Bb3 d6 8.
exd6 Qxd6 9. Nf3 Bg4 10. Be3 e6 11. O-O Be7 12. Nc3 O-O 13. Bc2 g6 14. Ne4
Qc7 15. Bh6 Rfd8 16. Be3 Bf8 17. Nf6+ Kh8 18. Nxg4 Bg7 19. Qe2 Nxd4 20. Nxd4
Bxd4 21. Bxd4+ Rxd4 22. Rac1 Rc4 23. Ne3 Rc5 24. Qf3 Nd7 25. b4 Rh5 26. Qg3
Qd8 27. Ng4 Rg5 28. f4 Qb6+ 29. Kh1 Rh5 30. Qc3+ Kg8 31. Ba4 Rf5 {Black
resigns} 1-0

[Event "ICC tourney 2212 (3 2)"]
[Site "Internet Chess Club"]
[Date "2020.12.18"]
[Round "8"]
[White "baldwinsthename"]
[Black "yogokings12"]
[Result "1-0"]
[ICCResult "Black resigns"]
[WhiteElo "1215"]
[BlackElo "1575"]
[Opening "Mieses opening"]
[ECO "A00"]
[NIC "VO.13"]
[Time "21:53:38"]
[TimeControl "180+2"]

1. d3 d5 2. c3 c5 3. Bf4 Nc6 4. Nd2 e5 5. Bg3 Nf6 6. f4 exf4 7. Bxf4 Nh5 8.
Bg3 Nxg3 9. hxg3 Bd6 10. Ndf3 Bxg3+ 11. Kd2 Bf4+ 12. Kc2 Bf5 13. Nh3 Bc7 14.
Qd2 c4 15. Nhg5 cxd3+ 16. exd3 h6 17. Re1+ Kf8 18. b4 d4 19. b5 dxc3 20.
Qxc3 Ne7 21. Ne5 Ba5 22. Qb3 Rc8+ 23. Kb1 Qd5 24. Qxd5 Nxd5 25. Ngxf7 Bxe1
26. Nxh8 Bc3 27. Nhg6+ Bxg6 28. Nxg6+ Kf7 29. Nh4 Bf6 30. Nf3 Nc3+ 31. Kc2
Nxb5+ 32. Kb3 Rc3+ 33. Kb4 a6 34. d4 Be7+ 35. Ka5 Bd8+ 36. Kb4 Be7+ 37. Ka5
Bd8+ 38. Kb4 b6 39. Bxb5 axb5 40. Kxc3 {Black resigns} 1-0

[Event "ICC tourney 2212 (3 2)"]
[Site "Internet Chess Club"]
[Date "2020.12.18"]
[Round "8"]
[White "Shakhmatova"]
[Black "stephenwilly"]
[Result "0-1"]
[ICCResult "White checkmated"]
[WhiteElo "1792"]
[BlackElo "1496"]
[Opening "Danish gambit: Sorensen defense"]
[ECO "C21"]
[NIC "KP.04"]
[Time "21:53:37"]
[TimeControl "180+2"]

1. e4 e5 2. d4 exd4 3. c3 d5 4. cxd4 dxe4 5. Nc3 Nf6 6. Bg5 Be7 7. Bxf6 Bxf6
8. Nge2 e3 9. fxe3 O-O 10. g3 Re8 11. Kf2 Bg5 12. Nf4 Nd7 13. Bg2 Nf6 14.
Re1 Ng4+ 15. Kf3 Nxh2+ 16. Kf2 Ng4+ 17. Kf3 Bd7 18. Qd3 f5 19. Rad1 Qf6 20.
Nh5 Qh6 21. Rh1 Rxe3+ 22. Qxe3 Bxe3 23. Nd5 Bc6 24. Nf6+ Qxf6 25. Ke2 Bxd5
26. Bxd5+ Kh8 27. Rdf1 Bxd4 28. Kd3 Bxb2 29. Rf4 Re8 30. Rhf1 Qc3#
{White checkmated}
0-1

[Event "ICC tourney 2212 (3 2)"]
[Site "Internet Chess Club"]
[Date "2020.12.18"]
[Round "8"]
[White "PearsonH"]
[Black "mhebden"]
[Result "0-1"]
[ICCResult "White resigns"]
[WhiteElo "1756"]
[BlackElo "2503"]
[Opening "Queen's pawn: London system"]
[ECO "A45"]
[NIC "QP.07"]
[Time "21:54:02"]
[TimeControl "180+2"]

1. d4 Nf6 2. Bf4 g6 3. e3 Bg7 4. Nd2 O-O 5. h3 c5 6. c3 Nc6 7. Ngf3 d5 8.
Be2 Qb6 9. Qc1 Bf5 10. Ne5 Rac8 11. O-O cxd4 12. exd4 Nxd4 13. Qd1 Nxe2+ 14.
Qxe2 Qxb2 15. c4 dxc4 16. Nexc4 Qd4 17. Be5 Qd3 18. Qxd3 Bxd3 19. Rfc1 b6
20. a4 Rfd8 21. a5 Bxc4 22. Nxc4 b5 23. Ne3 a6 24. Bc7 Re8 25. Bb6 e6 26.
Nc2 Nd5 27. Rab1 Nc3 28. Nb4 Nxb1 29. Rxb1 Ra8 30. Rc1 Bf8 31. Nd3 Rec8 32.
Bc5 Bxc5 33. Rxc5 Rxc5 34. Nxc5 Rc8 35. Nxa6 Ra8 36. Nb4 Rxa5 37. Kf1 Ra4
38. Nc2 b4 39. Ke2 b3 {White resigns} 0-1

[Event "ICC tourney 2212 (3 2)"]
[Site "Internet Chess Club"]
[Date "2020.12.18"]
[Round "8"]
[White "Zapateado"]
[Black "hackerguru"]
[Result "1-0"]
[ICCResult "Black resigns"]
[WhiteElo "1908"]
[BlackElo "1756"]
[Opening "Sicilian: Smith-Morra gambit"]
[ECO "B21"]
[NIC "SI.48"]
[Time "21:53:36"]
[TimeControl "180+2"]

1. e4 c5 2. d4 cxd4 3. c3 Nf6 4. Bd3 dxc3 5. Nxc3 Nc6 6. Nf3 d6 7. Bc4 g6 8.
e5 Nh5 9. O-O Bg7 10. exd6 Qxd6 11. Qxd6 exd6 12. Re1+ Ne5 13. Nb5 Kd7 14.
Nxe5+ Bxe5 15. Bxf7 Rf8 16. Bd5 Nf6 17. Bf3 a6 18. Nc3 Rb8 19. Bh6 Rf7 20.
Rad1 Kc7 21. Nd5+ Nxd5 22. Bxd5 Re7 23. Rc1+ Kd7 24. Be3 b6 25. Bc6+ Kd8 26.
Bg5 Be6 27. f4 Bd4+ 28. Kh1 h6 29. Bxe7+ Kxe7 30. Bd5 {Black resigns} 1-0

[Event "ICC tourney 2212 (3 2)"]
[Site "Internet Chess Club"]
[Date "2020.12.18"]
[Round "8"]
[White "xcelswimmer"]
[Black "edenhe"]
[Result "1-0"]
[ICCResult "Black checkmated"]
[WhiteElo "1920"]
[BlackElo "1518"]
[Opening "QGD: exchange, positional line, 5...c6"]
[ECO "D35"]
[NIC "QO.16"]
[Time "21:54:08"]
[TimeControl "180+2"]

1. d4 d5 2. c4 e6 3. Nc3 Nf6 4. cxd5 exd5 5. Bg5 c6 6. e3 Bd6 7. Bd3 Bg4 8.
Bxf6 Qxf6 9. Qxg4 Nd7 10. Nf3 O-O 11. Qh4 h6 12. Qxf6 Nxf6 13. O-O Rfe8 14.
Rab1 Re7 15. b4 Ne4 16. Bxe4 dxe4 17. Nd2 f5 18. b5 Rc8 19. Rfc1 Rec7 20. b6
axb6 21. Rxb6 Ra8 22. Rcb1 Ra7 23. Nc4 Rd7 24. Nxd6 Rxd6 25. Rxb7 Rxa2 26.
Nxa2 c5 27. dxc5 Rc6 28. Rc1 Kh7 29. Nb4 Rc8 30. c6 Kg6 31. c7 Re8 32. c8=Q
Rxc8 33. Rxc8 Kf6 34. Rb5 g6 35. Rc6+ Kg5 36. g3 Kg4 37. Kg2 g5 38. Rxh6 f4
39. h3# {Black checkmated} 1-0

[Event "ICC tourney 2212 (3 2)"]
[Site "Internet Chess Club"]
[Date "2020.12.18"]
[Round "8"]
[White "ved2006"]
[Black "masonmcc"]
[Result "1-0"]
[ICCResult "Black resigns"]
[WhiteElo "1719"]
[BlackElo "778"]
[Opening "Queen's pawn game"]
[ECO "D02"]
[NIC "QP.08"]
[Time "21:53:33"]
[TimeControl "180+2"]

1. d4 d5 2. Nf3 Bf5 3. e3 Nf6 4. c4 e6 5. Nc3 Nc6 6. h3 Bb4 7. a3 Bxc3+ 8.
bxc3 O-O 9. Bd3 Bxd3 10. Qxd3 Na5 11. cxd5 exd5 12. O-O Nc6 13. a4 Ne4 14.
c4 Nf6 15. Ba3 Re8 16. Rab1 b6 17. Rfc1 Ne7 18. Ne5 Rc8 19. Bxe7 Qxe7 20.
cxd5 Nxd5 21. Qa6 Ra8 22. Qb7 Red8 23. Nc6 Qd6 24. Nxd8 Rxd8 25. Qxa7 h6 26.
a5 bxa5 27. Qxa5 Rd7 28. Qb5 Nb6 29. Qb3 Rd8 30. Qb4 Qxb4 31. Rxb4 Rc8 32.
Rxb6 Kf8 33. Rbc6 Rb8 34. Rxc7 Rb2 35. Ra7 g6 36. Rcc7 Rb1+ 37. Kh2 Rb2 38.
Rxf7+ Ke8 39. Rh7 Rxf2 40. Rh8+ Rf8 41. Rxf8+ Kxf8 42. Kg3 {Black resigns}
1-0

[Event "ICC tourney 2212 (3 2)"]
[Site "Internet Chess Club"]
[Date "2020.12.18"]
[Round "8"]
[White "clair"]
[Black "chessfidebullet"]
[Result "1-0"]
[ICCResult "Black forfeits on time"]
[WhiteElo "1682"]
[BlackElo "1289"]
[Opening "Queen's pawn"]
[ECO "A40"]
[NIC "QO.17"]
[Time "21:53:49"]
[TimeControl "180+2"]

1. d4 e6 2. Bf4 d5 3. e3 Bd6 4. Bg3 Nf6 5. Nf3 Nc6 6. Bd3 Bd7 7. c3 Qe7 8.
Nbd2 O-O-O 9. Ne5 Nxe5 10. dxe5 Bxe5 11. Bxe5 Rhg8 12. Qb3 Ng4 13. Bd4 c5
14. h3 Nxf2 15. Kxf2 cxd4 16. cxd4 g5 17. Rhc1+ Kb8 18. Bxh7 Rh8 19. Bd3 e5
20. Bb5 Qf6+ 21. Kg1 exd4 22. Rf1 Qe5 23. exd4 Qxd4+ 24. Kh1 Qxd2 25. Rad1
Qa5 26. Rxd5 Qb6 27. Bxd7 Qc7 28. Bg4 Qe7 29. Rfd1 Rxd5 30. Qxd5 Qc7 31. Rf1
Rh7 32. b3 Qc2 33. Qd6+ {Black forfeits on time} 1-0

[Event "ICC tourney 2212 (3 2)"]
[Site "Internet Chess Club"]
[Date "2020.12.18"]
[Round "8"]
[White "breaker90"]
[Black "TjkTiger"]
[Result "0-1"]
[ICCResult "White checkmated"]
[WhiteElo "2112"]
[BlackElo "2602"]
[Opening "Sicilian: accelerated fianchetto, Maróczy bind, 6.Be3"]
[ECO "B38"]
[NIC "SI.43"]
[Time "21:54:04"]
[TimeControl "180+2"]

1. e4 c5 2. Nf3 g6 3. c4 Bg7 4. d4 cxd4 5. Nxd4 Nc6 6. Be3 Qb6 7. Nb3 Qd8 8.
Qc2 Nf6 9. Nc3 O-O 10. Be2 d6 11. O-O Be6 12. Rfd1 Qc8 13. Nd5 Re8 14. Rac1
Ng4 15. Bxg4 Bxg4 16. f3 Be6 17. Nd4 Nxd4 18. Bxd4 Bxd4+ 19. Rxd4 Qc5 20.
Qf2 a5 21. Rdd1 Rac8 22. Qxc5 Rxc5 23. b3 Kf8 24. a4 f5 25. Nf4 Bf7 26. Nd3
Rc6 27. e5 d5 28. cxd5 Bxd5 29. Rxc6 bxc6 30. Nc5 Kf7 31. Rd3 Rb8 32. Kf2 g5
33. Ke3 Rb4 34. Rd4 Rb8 35. g3 Bxb3 36. Rd7 Bd5 37. Rb7 Ra8 38. f4 h6 39.
fxg5 hxg5 40. h4 gxh4 41. gxh4 Rh8 42. Kf4 Rh5 43. Kg3 Rh7 44. Kf4 Kg6 45.
h5+ Kxh5 46. Kxf5 Rf7# {White checkmated} 0-1

[Event "ICC tourney 2212 (3 2)"]
[Site "Internet Chess Club"]
[Date "2020.12.18"]
[Round "8"]
[White "Monkeybomb3605"]
[Black "jy2020"]
[Result "0-1"]
[ICCResult "White resigns"]
[WhiteElo "2047"]
[BlackElo "2227"]
[Opening "Sicilian: Najdorf, Byrne (English) attack"]
[ECO "B90"]
[NIC "SI.14"]
[Time "21:53:32"]
[TimeControl "180+2"]

1. e4 c5 2. Nf3 d6 3. d4 cxd4 4. Nxd4 Nf6 5. Nc3 a6 6. Be3 e5 7. Nf3 Be7 8.
Nd2 b5 9. a4 b4 10. Nd5 Nxd5 11. exd5 a5 12. Nc4 Nd7 13. Be2 O-O 14. O-O Ba6
15. b3 f5 16. f4 Bxc4 17. Bxc4 e4 18. Bb5 Rc8 19. Bd4 Bf6 20. Rc1 Bxd4+ 21.
Qxd4 Rc5 22. Bxd7 Qxd7 23. c4 bxc3 24. Rxc3 Rfc8 25. Rfc1 Qa7 26. Rxc5 Rxc5
27. Rc4 Qc7 28. Kf2 Kf7 29. Ke3 Qb6 30. Rxc5 Qxc5 31. h3 Ke7 32. g4 g6 33.
gxf5 gxf5 34. h4 h5 35. Qxc5 dxc5 36. Kd2 Kd6 37. Kc3 Kxd5 38. Kd2 Kd4
{White resigns}
0-1

[Event "ICC tourney 2212 (3 2)"]
[Site "Internet Chess Club"]
[Date "2020.12.18"]
[Round "8"]
[White "RG2017"]
[Black "Averyyu321"]
[Result "1-0"]
[ICCResult "Black checkmated"]
[WhiteElo "1989"]
[BlackElo "1739"]
[Opening "QGD: exchange, positional line, 5...c6"]
[ECO "D35"]
[NIC "QO.16"]
[Time "21:53:45"]
[TimeControl "180+2"]

1. d4 d5 2. c4 e6 3. Nc3 Nf6 4. cxd5 exd5 5. Bg5 c6 6. e3 Be7 7. Qc2 h6 8.
Bh4 O-O 9. Bd3 Re8 10. Nge2 Bg4 11. O-O a6 12. f3 Bd7 13. Rad1 Qc7 14. e4
dxe4 15. fxe4 Ng4 16. Bg3 Qd8 17. Rf3 h5 18. h3 Nf6 19. Rdf1 Be6 20. e5 Nd5
21. a3 Nd7 22. Bf5 Bxf5 23. Qxf5 Rf8 24. Qxh5 f6 25. e6 N7b6 26. Nf4 Nxf4
27. Rxf4 g5 28. Qg6+ Kh8 29. Qh6+ Kg8 30. Qg6+ Kh8 31. Rh4+ gxh4 32. Rf5
Qxd4+ 33. Kh1 Qe5 34. Bxe5 fxe5 35. Rh5# {Black checkmated} 1-0

[Event "ICC tourney 2212 (3 2)"]
[Site "Internet Chess Club"]
[Date "2020.12.18"]
[Round "8"]
[White "chessrex"]
[Black "Harsha777"]
[Result "0-1"]
[ICCResult "White checkmated"]
[WhiteElo "1958"]
[BlackElo "2559"]
[Opening "Blackmar gambit"]
[ECO "D00"]
[NIC "QP.08"]
[Time "21:53:45"]
[TimeControl "180+2"]

1. d4 d5 2. e4 dxe4 3. Nc3 Nf6 4. f3 Nbd7 5. Bf4 e5 6. dxe5 Nh5 7. Qd2 Nxf4
8. Qxf4 Bb4 9. e6 fxe6 10. Bc4 Qf6 11. Qxf6 Nxf6 12. O-O-O Bxc3 13. bxc3 O-O
14. Re1 Bd7 15. fxe4 Bc6 16. Bd3 e5 17. Nh3 h6 18. Nf2 Bd7 19. h3 Be6 20. a3
Nd7 21. Rhf1 Nc5 22. Nd1 Rad8 23. Rxf8+ Kxf8 24. Nf2 Rd6 25. Rd1 Na4 26. Kd2
c5 27. Ke3 Nxc3 28. Rc1 Ke7 29. g4 c4 30. Bf1 b5 31. Bg2 Ra6 32. Kd2 Rxa3
33. Bf1 b4 34. Nd1 Nxd1 35. Rxd1 a5 36. Rb1 Kd6 37. Bg2 Kc5 38. Bf1 Rf3 39.
Be2 Rxh3 40. Ra1 Kb5 41. Rf1 Rh2 42. Ke1 a4 43. Rf8 a3 44. Rb8+ Kc5 45. Ra8
Kd4 46. Rd8+ Ke3 47. Bf1 a2 48. Ra8 Rxc2 49. Be2 Rxe2+ 50. Kf1 b3 51. g5 c3
52. gxh6 b2 53. Rb8 b1=Q+ 54. Rxb1 axb1=Q# {White checkmated} 0-1

[Event "ICC tourney 2212 (3 2)"]
[Site "Internet Chess Club"]
[Date "2020.12.18"]
[Round "8"]
[White "Jett503"]
[Black "miyzhang"]
[Result "1-0"]
[ICCResult "Black forfeits on time"]
[WhiteElo "1435"]
[BlackElo "1227"]
[Opening "Bishop's opening: Classical variation"]
[ECO "C23"]
[NIC "IG.04"]
[Time "21:53:37"]
[TimeControl "180+2"]

1. e4 e5 2. Bc4 Bc5 3. Nf3 d6 4. h3 Nc6 5. O-O h6 6. a3 Nf6 7. Nc3 Bd7 8. b4
Bb6 9. Bb2 a6 10. Nd5 Ba7 11. Nxf6+ Qxf6 12. d3 g5 13. Nh2 g4 14. Nxg4 Qf4
15. Bc1 Bxf2+ 16. Rxf2 Qg3 17. Bxf7+ Kd8 18. Bh5 Nd4 19. Be3 Bxg4 20. Bxg4
Qxe3 21. Qd2 Qg3 22. Raf1 Ke8 23. Rf7 h5 24. Bf5 Rg8 25. Bd7+ Kd8 26. R1f2
c6 27. Qh6 Qg5 28. Qh7 b5 29. c3 Nb3 30. Bxc6 Rc8 31. Rd7+ Ke8 32. Rg7+ Kd8
33. Rxg5 Rc7 34. Rf3 {Black forfeits on time} 1-0

[Event "ICC tourney 2212 (3 2)"]
[Site "Internet Chess Club"]
[Date "2020.12.18"]
[Round "8"]
[White "bopala"]
[Black "pmchess98"]
[Result "1-0"]
[ICCResult "Black checkmated"]
[WhiteElo "1939"]
[BlackElo "1441"]
[Opening "Budapest: Adler variation"]
[ECO "A52"]
[NIC "QG.01"]
[Time "21:53:39"]
[TimeControl "180+2"]

1. d4 Nf6 2. c4 e5 3. dxe5 Ng4 4. Nf3 Nc6 5. Bf4 Bb4+ 6. Nbd2 Qe7 7. e3
Ngxe5 8. Be2 O-O 9. O-O Bd6 10. Nxe5 Nxe5 11. Ne4 Ng6 12. Bxd6 cxd6 13. Nxd6
b6 14. Bf3 Rb8 15. Qd4 Ne5 16. Be2 Bb7 17. Nxb7 Rxb7 18. Rad1 Kh8 19. Qd5
Rc7 20. b3 f5 21. Qd6 Qxd6 22. Rxd6 Rc6 23. Rfd1 h6 24. f4 Ng4 25. Bxg4 fxg4
26. Rxd7 Re6 27. Kf2 a5 28. R7d6 Rfe8 29. Rxe6 Rxe6 30. Rd4 Kg8 31. e4 g6
32. Ke3 Kf7 33. Rd7+ Ke8 34. Rh7 h5 35. e5 g5 36. g3 gxf4+ 37. gxf4 Re7 38.
Rxh5 Kd7 39. Ke4 Rg7 40. f5 g3 41. hxg3 Rxg3 42. e6+ Ke7 43. Rh7+ Ke8 44.
Ke5 Rg1 45. Kf6 Kf8 46. e7+ Ke8 47. Rh8+ Kd7 48. e8=Q+ Kc7 49. Qe5+ Kb7 50.
Rh7+ Ka6 51. Qb5# {Black checkmated} 1-0

[Event "ICC tourney 2212 (3 2)"]
[Site "Internet Chess Club"]
[Date "2020.12.18"]
[Round "8"]
[White "ritterfork"]
[Black "Goran21"]
[Result "1-0"]
[ICCResult "Black resigns"]
[WhiteElo "1846"]
[BlackElo "2008"]
[Opening "Sicilian: Smith-Morra gambit"]
[ECO "B21"]
[NIC "SI.48"]
[Time "21:53:32"]
[TimeControl "180+2"]

1. e4 c5 2. d4 cxd4 3. c3 d5 4. exd5 Qxd5 5. cxd4 e5 6. Nc3 Qa5 7. dxe5
Qxe5+ 8. Be2 Nc6 9. Nf3 Qa5 10. O-O Nf6 11. Bd2 Be7 12. Nb5 Qd8 13. Rc1 O-O
14. Qc2 a6 15. Nc3 Bg4 16. Rcd1 Bxf3 17. Bxf3 Nd4 18. Qd3 Nxf3+ 19. Qxf3 Qb6
20. Rfe1 Rfe8 21. Nd5 Nxd5 22. Qxd5 h6 23. Bc3 Bb4 24. Qb3 Bc5 25. Qxb6 Bxb6
26. g3 Rad8 27. Kg2 Bc7 28. Rxd8 Rxd8 29. Re7 Rc8 30. a4 b5 31. axb5 axb5
32. h3 Bd6 33. Rd7 b4 34. Rxd6 bxc3 35. bxc3 Rxc3 36. Rd7 g6 37. Ra7 Kg7 38.
Rb7 h5 39. h4 Kf6 40. Ra7 Rc6 41. Kf3 Ke6 42. Ke4 Rc4+ 43. Kd3 Rb4 44. Ke3
Rb3+ 45. Kf4 Rb4+ 46. Kf3 Rb3+ 47. Kf4 Kf6 48. Ra6+ Kg7 49. Ra7 Rb5 50. Kf3
Rf5+ 51. Ke3 Kh6 52. Ra6 f6 53. Rb6 g5 54. hxg5+ Kxg5 55. Ra6 Rb5 56. Rd6 f5
57. Kf3 Rb3+ 58. Kg2 h4 59. gxh4+ Kxh4 60. Rd4+ Kg5 61. Rc4 f4 62. Rc5+ Kg4
63. Rc4 Ra3 64. Rd4 Rc3 65. Ra4 Rc2 66. Rd4 Rb2 67. Ra4 Rb3 68. Rc4 Kf5 69.
Ra4 Rb5 70. Rc4 Ra5 71. Rb4 Ke5 72. Rc4 Ra3 73. Rb4 Kf5 74. Rb5+ Kg4 75. Rb4
Ra8 76. Rc4 Rg8 77. Rb4 Rg5 78. Rc4 Rb5 79. Rd4 Rc5 80. Ra4 Kf5 81. Rb4 Rc3
82. Ra4 Rc8 83. Rb4 Rg8+ 84. Kf3 Ke5 85. Rxf4 Ra8 86. Re4+ Kf5 87. Re3 Ra2
88. Rc3 Ke5 89. Rc5+ Kd6 90. Rh5 Ke6 91. Kg3 Kf6 92. f3 Kg6 93. Rb5 Ra1 94.
Kg4 Rg1+ 95. Kf4 Rh1 96. Rb6+ Kf7 97. Ke4 Re1+ 98. Kf5 Rc1 99. f4 Rc5+ 100.
Kg4 Rc1 101. Kg5 Rg1+ 102. Kf5 Re1 103. Rb7+ Ke8 104. Kg6 Re6+ 105. Kg5 Re1
106. f5 Ra1 107. Kg6 Rg1+ 108. Kf6 Ra1 109. Rb8+ Kd7 110. Kf7 Kc7 111. Re8
Kd7 112. f6 Rf1 113. Ra8 Rg1 114. Ra2 Rd1 115. Re2 Rf1 116. Kg7 Rg1+ 117.
Kf8 Ra1 118. f7 Ra2 119. Rxa2 {Black resigns} 1-0

[Event "ICC tourney 2212 (3 2)"]
[Site "Internet Chess Club"]
[Date "2020.12.18"]
[Round "9"]
[White "JensenUVA"]
[Black "DejaVu"]
[Result "0-1"]
[ICCResult "White resigns"]
[WhiteElo "1516"]
[BlackElo "1850"]
[Opening "King's Indian: Makagonov system (5.h3)"]
[ECO "E71"]
[NIC "KI.30"]
[Time "22:07:03"]
[TimeControl "180+2"]

1. d4 Nf6 2. c4 g6 3. Nc3 Bg7 4. e4 d6 5. h3 O-O 6. Be3 Na6 7. g4 c5 8. d5
Qa5 9. Qc2 Nb4 10. Qd2 Nd7 11. Nge2 Ne5 12. Bg2 Nxc4 13. Qc1 Nxe3 14. Qxe3
Nc2+ {White resigns} 0-1

[Event "ICC tourney 2212 (3 2)"]
[Site "Internet Chess Club"]
[Date "2020.12.18"]
[Round "9"]
[White "Jett503"]
[Black "ved2006"]
[Result "0-1"]
[ICCResult "White resigns"]
[WhiteElo "1435"]
[BlackElo "1719"]
[Opening "French: advance, Paulsen attack"]
[ECO "C02"]
[NIC "FR.03"]
[Time "22:07:08"]
[TimeControl "180+2"]

1. e4 e6 2. d4 d5 3. e5 c5 4. c3 Nc6 5. Nf3 Qb6 6. dxc5 Bxc5 7. Qe2 a5 8.
Nbd2 a4 9. c4 Nge7 10. Ng5 Ng6 11. Ngf3 Nf4 {White resigns} 0-1

[Event "ICC tourney 2212 (3 2)"]
[Site "Internet Chess Club"]
[Date "2020.12.18"]
[Round "9"]
[White "pmchess98"]
[Black "clair"]
[Result "1-0"]
[ICCResult "Black checkmated"]
[WhiteElo "1441"]
[BlackElo "1682"]
[Opening "Robatsch (modern) defense"]
[ECO "B06"]
[NIC "KF.05"]
[Time "22:07:00"]
[TimeControl "180+2"]

1. e4 g6 2. d4 Bg7 3. Be3 e6 4. Nc3 Ne7 5. Qd2 h6 6. Bc4 a6 7. g4 b5 8. Bd3
Bb7 9. a3 d5 10. e5 Nd7 11. f4 Rb8 12. Nge2 O-O 13. f5 exf5 14. gxf5 Nxf5
15. Bxf5 gxf5 16. O-O-O c5 17. dxc5 Nxe5 18. Bxh6 Nc4 19. Qf4 Be5 20. Rhg1+
Kh7 21. Qxf5+ Kh8 22. Bxf8 Qxf8 23. Qh5+ Qh6+ 24. Qxh6# {Black checkmated}
1-0